 Dungeon Crawl Stone Soup version 0.17-a0-1181-gabc46e6 (webtiles) character file.

424 Fluffy the Skirmisher (level 6, -2/51 HPs)
             Began as a Demonspawn Gladiator on May 31, 2015.
             Slain by an iguana (9 damage)
             ... on level 3 of the Dungeon.
             The game lasted 00:10:42 (3751 turns).

Fluffy the Skirmisher (Demonspawn Gladiator)        Turns: 3751, Time: 00:10:42

Health: -2/51      AC: 12    Str: 18      XL:     6   Next: 64%
Magic:  0/6        EV:  6    Int:  8 (9)  God:
Gold:   206        SH:  0    Dex: 13      Spells: 0 memorised, 5 levels left

rFire  . . .     SeeInvis .     v - +2 spear (chaos)
rCold  . . .     Clarity  .     r - +0 plate armour
rNeg   . . .     SustAt   .     (no shield)
rPois  .         Gourm    .     c - +0 helmet
rElec  .         Spirit   +     (no cloak)
rCorr  .         Warding  .     (no gloves)
rMut   .         Stasis   .     (no boots)
MR     .....                    (no amulet)
Stlth  ..........               (no ring)
                                (no ring)

@: not resistant to hostile enchantments, extremely unstealthy
A: demonic guardian 1, magic shield, magic regeneration
a: no special abilities


You were on level 3 of the Dungeon.
You were not hungry.

You visited 1 branch of the dungeon, and saw 3 of its levels.

You collected 206 gold pieces.

Inventory:

Hand weapons
 a - a +0 long sword
 v - a +2 spear of chaos (weapon)
Missiles
 d - 4 throwing nets (quivered)
Armour
 c - a +0 helmet (worn)
 r - a +0 plate armour (worn)
Magical devices
 j - a wand of random effects (11)
Scrolls
 g - 3 scrolls of identify {unknown}
 h - 2 scrolls of remove curse {unknown}
 k - a scroll of recharging {unknown}
 n - 2 scrolls of enchant armour {unknown}
 o - 2 scrolls of teleportation {unknown}
 p - a scroll of amnesia {unknown}
 q - a scroll of immolation {unknown}
Potions
 l - a potion of brilliance
 m - a potion of heal wounds
Comestibles
 b - a chunk of flesh
 e - 3 bread rations
 f - a slice of pizza
 i - 2 beef jerkies


   Skills:
 + Level 5.0 Fighting
 - Level 4.4 Long Blades
 - Level 1.7 Throwing
 + Level 2.6 Armour
 - Level 2.6 Dodging


You had 5 spell levels left.
You didn't know any spells.

Dungeon Overview and Level Annotations

Branches:
Dungeon (3/15)

Altars:
Nemelex Xobeh
Xom


Innate Abilities, Weirdness & Mutations

A weak demonic guardian rushes to your aid.
When hurt, damage is shared between your health and your magic reserves.
You regenerate magic rapidly.


Message History

The iguana is lightly wounded.
The iguana barely misses you.
You hit the iguana.
The iguana is moderately wounded.
The iguana barely misses you. The iguana bites you.
You hit the iguana but do no damage.
The iguana is moderately wounded.
The iguana closely misses you. x2
You hit the iguana but do no damage.
The iguana is poisoned.
The iguana is moderately wounded.
The iguana bites you!
You hit the iguana but do no damage.
The iguana is moderately wounded.
The iguana bites you.
* * * LOW HITPOINT WARNING * * *
The iguana bites you!
* * * LOW HITPOINT WARNING * * *
Your crimson imp closely misses the iguana.
The iguana bites you!
You die...

##.........# #...
().........+ ... .#
##.........# #.. .#
##.......## #..###.#
##.....## #.##...#
##...## #.##.#.#
#+## #l##>#.# #^#
#l##.#.# #.#
#5@....# ###
##.###########)###
..###..............#
#.##.....###########
#.###....#
#.####.#.#
.........#
#.######## ..#


You could see an iguana, a giant newt and a friendly crimson imp.

Vanquished Creatures
  A necrophage (D:3)
  Terence (D:3)
  3 adders (D:2)
  14 gnolls (D:2)
  An ooze (D:1)
  2 giant geckos
  An orc (D:3)
  A ball python (D:2)
  10 bats
  13 hobgoblins
  3 jackals (D:1)
  A giant cockroach (D:2)
  3 giant newts
  7 goblins
  10 kobolds
  5 rats
76 creatures vanquished.

Vanquished Creatures (collateral kills)
  Sigmund (D:3)
  An adder (D:2)
  A giant cockroach (D:2)
  A kobold (D:2)
4 creatures vanquished.

Vanquished Creatures (others)
  A white imp (D:3)
  2 ufetubi
3 creatures vanquished.

Grand Total: 83 creatures vanquished

Notes
Turn   | Place    | Note
--------------------------------------------------------------
     0 | D:1      | Fluffy the Demonspawn Gladiator began the quest for the Orb.
     0 | D:1      | Reached XP level 1. HP: 16/16 MP: 1/1
   191 | D:1      | Reached skill level 3 in Long Blades
   191 | D:1      | Gained mutation: When hurt, damage is shared between your health and your magic reserves. [demonic ancestry]
   191 | D:1      | Reached XP level 2. HP: 21/23 MP: 2/2
  1129 | D:1      | Gained mutation: You regenerate magic rapidly. [demonic ancestry]
  1129 | D:1      | Reached XP level 3. HP: 26/28 MP: 3/3
  1389 | D:2      | Found a sparkling altar of Nemelex Xobeh.
  1408 | D:2      | HP: 2/43 [gnoll (5)]
  1741 | D:2      | Gained mutation: A weak demonic guardian rushes to your aid. [demonic ancestry]
  1741 | D:2      | Reached XP level 4. HP: 33/35 MP: 4/4
  2149 | D:2      | Reached skill level 4 in Long Blades
  2564 | D:2      | Reached XP level 5. HP: 36/42 MP: 3/5
  2775 | D:2      | HP: 2/42 [gnoll/spear of chaos (2)]
  2919 | D:2      | Found a shimmering altar of Xom.
  2932 | D:2      | Reached skill level 1 in Armour
  3664 | D:3      | Noticed Terence
  3682 | D:3      | Killed Terence
  3719 | D:3      | Noticed Sigmund
  3724 | D:3      | Killed Sigmund
  3724 | D:3      | Reached XP level 6. HP: 49/49 MP: 6/6
  3733 | D:3      | Noticed a necrophage
  3741 | D:3      | Killed a necrophage
  3741 | D:3      | Reached skill level 5 in Fighting
  3751 | D:3      | Slain by an iguana

Vault maps used:
D:1:      lemuel_arrival_room, st_stairs_5
D:2:      tgw_xom, first_bread, nemelex_deck
D:3:      uniq_sigmund, uniq_terence

Action                   |  1- 3 |  4- 6 || total
-------------------------+-------+-------++-------
Melee: Long sword        |   111 |   112 ||   223
       Spear             |       |    79 ||    79
Evoke: Wand              |       |     7 ||     7
  Use: Potion            |     1 |     4 ||     5
 Stab: Sleeping          |     1 |       ||     1
       Paralysed         |       |     1 ||     1
  Eat: Chunk             |     3 |     6 ||     9
